 Dungeon Crawl Stone Soup version 0.18.1-5-g4a78601 (webtiles) character file.

403 Zhenya25pyc the Covered (level 6, -8/39 HPs)
             Began as a Gargoyle Fighter on May 11, 2016.
             Killed by divine providence
             ... invoked by an orc priest
              (13 damage)
             ... on level 4 of the Dungeon.
             The game lasted 00:04:06 (3269 turns).

Zhenya25pyc the Covered (Gargoyle Fighter)          Turns: 3269, Time: 00:04:07

Health: -8/39      AC: 12    Str: 21    XL:     6   Next: 86%
Magic:  6/6        EV:  9    Int:  9    God:
Gold:   125        SH:  5    Dex:  9    Spells: 0 memorised, 5 levels left

rFire  . . .     SeeInvis .     a - +0 flail
rCold  . . .     Gourm    .     b - +0 scale mail
rNeg   + . .     Faith    .     q - +1 buckler {reflect}
rPois  ∞         Spirit   .     (no helmet)
rElec  +         Dismiss  .     m - +0 cloak
rCorr  .         Reflect  +     (no gloves)
SustAt .         Harm     .     (no boots)
MR     .....                    (no amulet)
Stlth  ..........               (no ring)
                                (no ring)

@: not resistant to hostile enchantments, extremely unstealthy
A: negative energy resistance 1, electricity resistance, unbreathing,
petrification resistance, rot immunity, AC +4
a: no special abilities


You were on level 4 of the Dungeon.
You were very hungry.

You visited 1 branch of the dungeon, and saw 4 of its levels.

You collected 125 gold pieces.

Inventory:

Hand Weapons
 a - a +0 flail (weapon)
Armour
 b - a +0 scale mail (worn)
 c - a +0 shield
 m - a +0 cloak (worn)
 q - a +1 buckler of reflection (worn)
Scrolls
 h - 3 scrolls of teleportation {unknown}
 i - 3 scrolls of identify {unknown}
 k - 3 scrolls of remove curse {unknown}
 o - a scroll of random uselessness {unknown}
 r - a scroll of magic mapping {unknown}
 u - a scroll of enchant weapon {unknown}
Potions
 d - a potion of might
 e - 2 potions of brilliance {unknown}
 g - 2 potions of curing {unknown}
 l - 3 potions of flight {unknown}
 s - a potion of agility {unknown}
 t - a potion of lignification {unknown}
 v - a potion of degeneration {unknown}
Comestibles
 f - 5 bread rations
 j - 2 slices of pizza
 n - 3 meat rations
 p - 10 fruits


   Skills:
 + Level 4.7 Fighting
 * Level 4.5 Maces & Flails
 + Level 4.7 Armour
 + Level 4.7 Shields


You had 5 spell levels left.
You didn't know any spells.

Dungeon Overview and Level Annotations

Branches:
Dungeon (4/15)
 Temple: D:4-7

Altars:
Ashenzari
Nemelex Xobeh
Ru
Yredelemnul


Innate Abilities, Weirdness & Mutations

You are resistant to torment.
Your stone body is resilient (AC +4).
You are immune to poison.
You resist negative energy.
You are resistant to electric shocks.
You can survive without breathing.
You are immune to petrification.
You are immune to rotting.


Message History

The orc priest calls down the wrath of Beogh upon you.
Pain shoots through your body!
* * * LOW HITPOINT WARNING * * *
You are too injured to fight recklessly!
The orc priest hits you but does no damage.
You closely miss the orc priest. You block the orc priest's attack.
You hit the orc priest.
The orc priest is lightly wounded.
The orc priest hits you but does no damage.
You thump the orc priest!
The orc priest is almost dead.
The orc priest barely misses you.
You closely miss the orc priest.
The orc priest is almost dead.
The orc priest barely misses you.
You closely miss the orc priest.
The orc priest is almost dead.
The orc priest mumbles some strange prayers to Beogh against you.
Beogh smites you!
You die...

##........##.....#
#........
#..........#.....#
##.......
#..........#.....##
##......
#..........#......#
##.....
##................#
##.....
#................##
##..###.
##..........))....#
#<.## ##
##........o).....##...#
##.......@...........###
##.....########......>.
##...## #...##### ##..##
#...# ###..## ##..##
###....## #...#
###.......## #...# ###
#...####...##
#..#####..# #####
#....## ###.........#


You could see an orc priest.

Vanquished Creatures
  Menkaure (D:3)
  An ogre (D:4)
  An orc priest (D:4)
  Jessica (D:3)
  A worker ant zombie (D:3)
  5 adders
  An ooze (D:2)
  A worm (D:3)
  4 dart slugs
  8 giant geckos
  6 orcs
  3 ball pythons
  3 giant cockroaches (D:1)
  7 hobgoblins
  2 jackals (D:1)
  7 kobolds
  3 bats
  4 giant newts
  7 goblins
  5 rats
71 creatures vanquished.

Notes
Turn   | Place    | Note
--------------------------------------------------------------
     0 | D:1      | Zhenya25pyc the Gargoyle Fighter began the quest for the Orb.
     0 | D:1      | Reached XP level 1. HP: 14/14 MP: 1/1
    91 | D:1      | Reached XP level 2. HP: 17/19 MP: 2/2
   318 | D:1      | Reached XP level 3. HP: 21/23 MP: 3/3
   502 | D:1      | Found a sparkling altar of Nemelex Xobeh.
  1206 | D:2      | Reached XP level 4. HP: 26/29 MP: 4/4
  1399 | D:2      | Found a sacrificial altar of Ru.
  1846 | D:3      | Reached XP level 5. HP: 31/33 MP: 5/5
  1862 | D:3      | Noticed Jessica
  1872 | D:3      | Killed Jessica
  2563 | D:3      | Found a shattered altar of Ashenzari.
  2563 | D:3      | Found a basalt altar of Yredelemnul.
  2618 | D:4      | Noticed an ogre
  2626 | D:4      | Killed an ogre
  2626 | D:4      | Reached XP level 6. HP: 13/39 MP: 6/6
  2875 | D:4      | Noticed Menkaure
  2885 | D:3      | Killed Menkaure
  3269 | D:4      | Killed from afar by an orc priest

Skill      XL: |  1  2  3  4  5 |
---------------+----------------+-----
Armour         | 4 |  4.7
Shields        | 4 |  4.7
Maces & Flails | 3 4 |  4.5
Fighting       | 4 |  4.7

Action                   |  1- 3 |  4- 6 || total
-------------------------+-------+-------++-------
Melee: Flail             |   165 |   187 ||   352
  Eat: Chunk             |     1 |     6 ||     7
Armor: Scale mail        |   128 |    78 ||   206
Dodge: Dodged            |    41 |    47 ||    88
Block: Shield            |    35 |       ||    35
       Large shield      |   157 |   100 ||   257
       Buckler           |       |    14 ||    14
